APL (24 & UNDER)
NANTUCKET ORCAS @ KENOSHA KINGFISH
09/07/2030
 
TOP OF THE 1ST
Nantucket Orcas batting - Pitching for Kenosha Kingfish : RHP Raúl Cruz
Pitching: RHP Raúl Cruz
Batting: RHB Charlie Pérez 0-0: Called Strike
0-1: Swinging Strike
0-2: Strikes out swinging
Batting: RHB Demetrio Inrouville 0-0: Called Strike
0-1: Foul Ball, location: 2F
0-2: Foul Ball, location: 2F
0-2: Ball
1-2: Strikes out swinging
Batting: LHB Eugene Lee 0-0: Swinging Strike
0-1: Swinging Strike
0-2: Ball
1-2: Strikes out looking
Top of the 1st over - 0 runs, 0 hits, 0 errors, 0 left on base; Nantucket 0 - Kenosha 0
BOTTOM OF THE 1ST
Kenosha Kingfish batting - Pitching for Nantucket Orcas : RHP John Arnold
Pitching: RHP John Arnold
Batting: RHB Armando Arellano 0-0: Called Strike
0-1: Ball
1-1: Ball
2-1: SINGLE (Groundball, 34D)
Batting: LHB Jerry Benjamin 0-0: Ball
1-0: Ball
2-0: Fielders Choice at 2nd, 6-4 (Groundball, 6)
Batting: RHB Millard Ferguson 0-0: Called Strike
0-1: Foul Ball, location: 2F
0-2: Ball
1-2: Foul Ball, location: 2F
1-2: Strikes out looking
Batting: LHB Matt McCormick 0-0: Ball
1-0: Ball
2-0: Fly out, F5 (Popup, 25F)
Bottom of the 1st over - 0 runs, 1 hit, 0 errors, 1 left on base; Nantucket 0 - Kenosha 0
TOP OF THE 2ND
Nantucket Orcas batting - Pitching for Kenosha Kingfish : RHP Raúl Cruz
Batting: RHB Hunter Hudson 0-0: Called Strike
0-1: Ball
1-1: Ball
2-1: Ball
3-1: Foul Ball, location: 2F
3-2: Foul Ball, location: 2F
3-2: Strikes out swinging
Batting: RHB Matt Dundee 0-0: Ball
1-0: Ball
2-0: Foul Ball, location: 2F
2-1: Fly out, F9 (Flyball, 9LD)
Batting: SHB Cristián Salazar 0-0: Ball
1-0: SINGLE (Groundball, 34D)
Batting: RHB Curt O'Brian 0-0: Ball
Cristián Salazar steals 2nd base
1-0: Ball
2-0: Called Strike
2-1: Ball
3-1: Foul Ball, location: 2F
3-2: Foul Ball, location: 2F
3-2: Foul Ball, location: 2F
3-2: Base on Balls
Batting: RHB Luis Cruz 0-0: Called Strike
0-1: Swinging Strike
0-2: Foul Ball, location: 2F
0-2: SINGLE (Flyball, 78S)
Cristián Salazar to third
Curt O'Brian to second
Runner from 3rd tries for Home, SAFE, no throw
Batting: RHB Juan Gómez 0-0: Ball
1-0: Ball
Luis Cruz steals 2nd base
Curt O'Brian to third
2-0: Ball
3-0: Base on Balls
Batting: RHB Charlie Pérez 0-0: Fly out, F3 (Popup, 3)
Top of the 2nd over - 1 run, 2 hits, 0 errors, 3 left on base; Nantucket 1 - Kenosha 0
BOTTOM OF THE 2ND
Kenosha Kingfish batting - Pitching for Nantucket Orcas : RHP John Arnold
Batting: RHB Mike Martínez 0-0: Called Strike
0-1: Ball
1-1: Ball
2-1: Ball
3-1: Ground out 6-3 (Groundball, 6)
Batting: RHB Juan Escalante 0-0: Called Strike
0-1: Fly out, F9 (Flyball, 9)
Batting: RHB Jeff Navarro 0-0: Ball
1-0: Ball
2-0: Foul Ball, location: 2F
2-1: Foul Ball, location: 2F
2-2: Ball
3-2: SINGLE (Groundball, 34) (infield hit)
Batting: RHB Charlie Guzmén 0-0: Ball
1-0: Foul Ball, location: 2F
1-1: SINGLE (Groundball, 56D)
Jeff Navarro to second
Batting: LHB Josh Peterson 0-0: Ball
1-0: Called Strike
1-1: Ball
2-1: Ball
3-1: Foul Ball, location: 2F
3-2: SINGLE (Groundball, 5D)
Jeff Navarro to third
Charlie Guzmén to second
Jeff Navarro scores
Charlie Guzmén to third
Batting: RHB Armando Arellano 0-0: Ball
1-0: Ball
2-0: Swinging Strike
2-1: Ball
3-1: Ground out 4-3 (Groundball, 4)
Bottom of the 2nd over - 1 run, 3 hits, 0 errors, 2 left on base; Nantucket 1 - Kenosha 1
TOP OF THE 3RD
Nantucket Orcas batting - Pitching for Kenosha Kingfish : RHP Raúl Cruz
Batting: RHB Demetrio Inrouville 0-0: Swinging Strike
0-1: Ball
1-1: Ball
2-1: Ground out 4-3 (Groundball, 4M)
Batting: LHB Eugene Lee 0-0: Foul Ball, location: 2F
0-1: Called Strike
0-2: Ball
1-2: Ball
2-2: Ball
3-2: Ground out U3 (Groundball, 3)
Batting: RHB Hunter Hudson 0-0: Ball
1-0: Called Strike
1-1: Foul Ball, location: 2F
1-2: Strikes out swinging
Top of the 3rd over - 0 runs, 0 hits, 0 errors, 0 left on base; Nantucket 1 - Kenosha 1
BOTTOM OF THE 3RD
Kenosha Kingfish batting - Pitching for Nantucket Orcas : RHP John Arnold
Batting: LHB Jerry Benjamin 0-0: SINGLE (Groundball, 4MD)
Batting: RHB Millard Ferguson 0-0: Ball
1-0: Ball
2-0: Ball
3-0: Called Strike
3-1: Foul Ball, location: 2F
3-2: Ground out 4-3 (Groundball, 34)
Jerry Benjamin to second
Batting: LHB Matt McCormick 0-0: Ball
1-0: Ball
2-0: Ball
3-0: Called Strike
3-1: SINGLE (Line Drive, 34D)
Jerry Benjamin to third
Runner from 3rd tries for Home, SAFE, no throw
Batting: RHB Mike Martínez 0-0: Ball
1-0: Called Strike
1-1: Ball
2-1: Ball
3-1: Fly out, F9 (Flyball, 89D)
Batting: RHB Juan Escalante 0-0: Fielders Choice at 2nd, 6-4 (Groundball, 6)
Bottom of the 3rd over - 1 run, 2 hits, 0 errors, 1 left on base; Nantucket 1 - Kenosha 2
TOP OF THE 4TH
Nantucket Orcas batting - Pitching for Kenosha Kingfish : RHP Raúl Cruz
Batting: RHB Matt Dundee 0-0: SINGLE (Line Drive, 6D)
Batting: SHB Cristián Salazar 0-0: Ball
1-0: Called Strike
1-1: 2-RUN HOME RUN (Flyball, 9LD), Distance : 338 ft
Batting: RHB Curt O'Brian 0-0: Ball
1-0: Called Strike
1-1: SINGLE (Line Drive, 78M)
Batting: RHB Luis Cruz 0-0: Ball
1-0: Foul Ball, location: 2F
1-1: Swinging Strike
1-2: Strikes out swinging
Batting: RHB Juan Gómez 0-0: Ball
Curt O'Brian is caught stealing 2nd base
1-0: Ball
2-0: Ball
3-0: Called Strike
3-1: Base on Balls
Batting: RHB Charlie Pérez 0-0: Ball
1-0: Called Strike
1-1: Fly out, F8 (Flyball, 8LM)
Top of the 4th over - 2 runs, 3 hits, 0 errors, 1 left on base; Nantucket 3 - Kenosha 2
BOTTOM OF THE 4TH
Kenosha Kingfish batting - Pitching for Nantucket Orcas : RHP John Arnold
Batting: RHB Jeff Navarro 0-0: Ball
1-0: Ball
2-0: Ball
3-0: Base on Balls
Batting: RHB Charlie Guzmén 0-0: Called Strike
0-1: Ball
1-1: Called Strike
1-2: Ball
2-2: Ground out 5-3 (Groundball, 56S)
Jeff Navarro to second
Batting: LHB Josh Peterson 0-0: Swinging Strike
0-1: Ball
1-1: Ball
2-1: Called Strike
2-2: Fly out, F8 (Line Drive, 8RD)
Pitching: RHP Chuma Faqihi
Batting: RHB Armando Arellano 0-0: Ball
1-0: Ball
2-0: Called Strike
2-1: Ball
3-1: Called Strike
3-2: Reached on error, E5 (Groundball, 56S)
Jeff Navarro scores
Batting: LHB Jerry Benjamin 0-0: Ball
1-0: Ball
2-0: Foul Ball, location: 2F
2-1: Fly out, F7 (Flyball, 78D)
Bottom of the 4th over - 1 run, 0 hits, 1 error, 1 left on base; Nantucket 3 - Kenosha 3
TOP OF THE 5TH
Nantucket Orcas batting - Pitching for Kenosha Kingfish : RHP Raúl Cruz
Batting: RHB Demetrio Inrouville 0-0: Called Strike
0-1: Ball
1-1: Ball
2-1: Swinging Strike
2-2: SINGLE (Line Drive, 9S)
Batting: LHB Eugene Lee 0-0: Ball
1-0: Called Strike
1-1: Called Strike
1-2: Foul Ball, location: 2F
1-2: Ball
2-2: Fly out, F8 (Flyball, 8LD)
Batting: RHB Hunter Hudson 0-0: Ball
Wild Pitch!
Demetrio Inrouville to second
1-0: Ball
2-0: SINGLE (Groundball, 56D)
Demetrio Inrouville to third
Batting: RHB Matt Dundee 0-0: 3-RUN HOME RUN (Line Drive, 7LD), Distance : 373 ft
Batting: SHB Cristián Salazar 0-0: Ball
1-0: Ball
2-0: Ball
3-0: Called Strike
3-1: Swinging Strike
3-2: Foul Ball, location: 2F
3-2: SINGLE (Groundball, 4MD)
Pitching: RHP Luis Mendoza
Batting: RHB Curt O'Brian 0-0: Ball
Cristián Salazar steals 2nd base
1-0: Intentional Walk
Batting: RHB Luis Cruz 0-0: Ball
1-0: Ball
Cristián Salazar steals 3rd base
Curt O'Brian to second
2-0: Ball
3-0: Called Strike
3-1: Base on Balls
Batting: RHB Juan Gómez 0-0: Ball
1-0: Ball
2-0: Ball
3-0: Called Strike
3-1: Foul Ball, location: 2F
3-2: Strikes out looking
Batting: RHB Charlie Pérez 0-0: Ball
1-0: Ball
2-0: Foul Ball, location: 2F
2-1: Ball
3-1: Called Strike
3-2: Ground out 1-3 (Groundball, 13S)
Top of the 5th over - 3 runs, 4 hits, 0 errors, 3 left on base; Nantucket 6 - Kenosha 3
BOTTOM OF THE 5TH
Kenosha Kingfish batting - Pitching for Nantucket Orcas : RHP Chuma Faqihi
Batting: RHB Millard Ferguson 0-0: Ball
1-0: Ground out 5-3 (Groundball, 56)
Batting: LHB Matt McCormick 0-0: Ball
1-0: SINGLE (Groundball, 34D)
Batting: RHB Mike Martínez 0-0: Ball
1-0: Called Strike
Matt McCormick steals 2nd base
1-1: Foul Ball, location: 2F
1-2: Fly out, F9 (Line Drive, 9)
Batting: RHB Juan Escalante 0-0: Foul Ball, location: 2F
0-1: Ball
1-1: Ball
2-1: Ball
3-1: Called Strike
3-2: Strikes out looking
Bottom of the 5th over - 0 runs, 1 hit, 0 errors, 1 left on base; Nantucket 6 - Kenosha 3
TOP OF THE 6TH
Nantucket Orcas batting - Pitching for Kenosha Kingfish : RHP Luis Mendoza
Batting: RHB Demetrio Inrouville 0-0: Ball
1-0: Swinging Strike
1-1: Swinging Strike
1-2: Ball
2-2: Strikes out looking
Batting: LHB Eugene Lee 0-0: Called Strike
0-1: Swinging Strike
0-2: Strikes out swinging
Batting: RHB Hunter Hudson 0-0: Ball
1-0: Called Strike
1-1: Fly out, F7 (Flyball, 7LD)
Top of the 6th over - 0 runs, 0 hits, 0 errors, 0 left on base; Nantucket 6 - Kenosha 3
BOTTOM OF THE 6TH
Kenosha Kingfish batting - Pitching for Nantucket Orcas : RHP Chuma Faqihi
Batting: RHB Jeff Navarro 0-0: Called Strike
0-1: Ball
1-1: Foul Ball, location: 2F
1-2: Ground out 3-1 (Groundball, 34S)
Batting: RHB Charlie Guzmén 0-0: Ball
1-0: Foul Ball, location: 2F
1-1: Ball
2-1: Fly out, F8 (Flyball, 8RS)
Batting: LHB Josh Peterson 0-0: Swinging Strike
0-1: Ball
1-1: Foul Ball, location: 2F
1-2: Strikes out looking
Bottom of the 6th over - 0 runs, 0 hits, 0 errors, 0 left on base; Nantucket 6 - Kenosha 3
TOP OF THE 7TH
Nantucket Orcas batting - Pitching for Kenosha Kingfish : RHP Luis Mendoza
Batting: RHB Matt Dundee 0-0: Swinging Strike
0-1: Called Strike
0-2: Ball
1-2: Strikes out swinging
Batting: SHB Cristián Salazar 0-0: Ground out 5-3 (Groundball, 56)
Batting: RHB Curt O'Brian 0-0: Ball
1-0: Ball
2-0: Foul Ball, location: 2F
2-1: Foul Ball, location: 2F
2-2: Ball
3-2: Base on Balls
Batting: RHB Luis Cruz 0-0: Ball
1-0: Ball
2-0: Foul Ball, location: 2F
2-1: Swinging Strike
2-2: Strikes out swinging
Top of the 7th over - 0 runs, 0 hits, 0 errors, 1 left on base; Nantucket 6 - Kenosha 3
BOTTOM OF THE 7TH
Kenosha Kingfish batting - Pitching for Nantucket Orcas : RHP Chuma Faqihi
Batting: RHB Armando Arellano 0-0: Fly out, F7 (Flyball, 7D)
Pitching: RHP Germán Pérez
Batting: LHB Jerry Benjamin 0-0: SINGLE (Flyball, 7S)
Batting: RHB Millard Ferguson 0-0: Called Strike
0-1: Ball
1-1: Ball
2-1: Ball
3-1: Called Strike
3-2: Fly out, F8 (Flyball, 8RD)
Batting: LHB Matt McCormick 0-0: Ball
Jerry Benjamin steals 2nd base
1-0: Swinging Strike
1-1: Ball
2-1: Ball
3-1: Foul Ball, location: 2F
3-2: Foul Ball, location: 2F
3-2: Strikes out swinging
Bottom of the 7th over - 0 runs, 1 hit, 0 errors, 1 left on base; Nantucket 6 - Kenosha 3
TOP OF THE 8TH
Nantucket Orcas batting - Pitching for Kenosha Kingfish : RHP Luis Mendoza
Batting: RHB Juan Gómez 0-0: Ball
1-0: SINGLE (Line Drive, 7S)
Batting: RHB Charlie Pérez 0-0: Ball
1-0: Foul Ball, location: 2F
1-1: Sac Bunt - play at first, batter OUT! 1-3
Juan Gómez to second
Batting: RHB Demetrio Inrouville 0-0: Ball
1-0: Swinging Strike
1-1: Ball
2-1: Foul Ball, location: 2F
2-2: Foul Ball, location: 2F
2-2: Strikes out looking
Pitching: LHP Carlos Martínez
Batting: LHB Eugene Lee 0-0: Ball
1-0: Ball
2-0: Ball
3-0: Base on Balls
Pitching: RHP Miguel Durán
Batting: RHB Hunter Hudson 0-0: Called Strike
0-1: Swinging Strike
0-2: Ball
1-2: Ball
2-2: Foul Ball, location: 2F
2-2: Strikes out swinging
Top of the 8th over - 0 runs, 1 hit, 0 errors, 2 left on base; Nantucket 6 - Kenosha 3
BOTTOM OF THE 8TH
Kenosha Kingfish batting - Pitching for Nantucket Orcas : RHP Germán Pérez
Batting: RHB Mike Martínez 0-0: Called Strike
0-1: Ball
1-1: Ball
2-1: Foul Ball, location: 2F
2-2: Foul Ball, location: 2F
2-2: Ball
3-2: Base on Balls
Batting: RHB Juan Escalante 0-0: Ball
1-0: Ball
2-0: DOUBLE (Line Drive, 7LM)
Mike Martínez to third
Batting: RHB Jeff Navarro 0-0: Called Strike
0-1: Called Strike
0-2: 3-RUN HOME RUN (Flyball, 78XD), Distance : 440 ft
Pitching: LHP Lopes Ambar
Pinch Hitting: RHB José Matos 0-0: Ball
1-0: Foul Ball, location: 2F
1-1: Called Strike
1-2: Fly out, F3 (Popup, 3S)
Pinch Hitting: LHB Juan Rodríguez 0-0: Ball
1-0: SOLO HOME RUN (Flyball, 89XD), Distance : 424 ft
Batting: RHB Armando Arellano 0-0: Ball
1-0: Ball
2-0: Swinging Strike
2-1: Ball
3-1: Called Strike
3-2: Foul Ball, location: 2F
3-2: Base on Balls
Batting: LHB Jerry Benjamin 0-0: Ball
1-0: Ball
2-0: Grounds into double play, 6-4-3 (Groundball, 6)
Bottom of the 8th over - 4 runs, 3 hits, 0 errors, 0 left on base; Nantucket 6 - Kenosha 7
TOP OF THE 9TH
Nantucket Orcas batting - Pitching for Kenosha Kingfish : RHP Miguel Durán
Now at 1B: José Ayala
Now at SS: Harry Davis
Batting: RHB Matt Dundee 0-0: Called Strike
0-1: Swinging Strike
0-2: Strikes out swinging
Pinch Hitting: LHB Steve Blankenship 0-0: Called Strike
0-1: Called Strike
0-2: Strikes out looking
Batting: RHB Curt O'Brian 0-0: Swinging Strike
0-1: Called Strike
0-2: Strikes out swinging
Top of the 9th over - 0 runs, 0 hits, 0 errors, 0 left on base; Nantucket 6 - Kenosha 7
Saturday, April 7th, 2018 - OOTP Baseball 18.8 Build 76